cohdb
Replays
Latest Replays
All Replays
Popular Replays
Top Player Replays
Match Explorer
How It Works
Community
CoH3 Stats
Reddit
Sign in to upload your games and track your stats! →
Sign in with Steam
Match 46074391
Unlisted
Match 46074391
Overview
Messages
Build Orders
End
Pioneer Squad
Construct Infanterie Kompanie
MG 42 Machine Gun Team
Selects Mechanized Battlegroup
Grenadier Squad
MG 42 Machine Gun Team
Construct Luftwaffe Kompanie
Flak 30 Anti-aircraft Gun Team
Flak 30 Anti-aircraft Gun Team
Selects Mobile Repair Stations
Medical Station
221 Scout Car
Kettenkrad Recon Vehicle
Medical Bunker
Selects Wespe Self-propelled Artillery
Wespe Self-propelled Artillery
Pioneer Squad
Selects Zeroing Artillery Barrage
Medical Bunker
Wespe Self-propelled Artillery
Construct Panzer Kompanie
Selects Raid Package
Pioneer Squad
Zeroing Artillery Barrage
Nachtschatten
Doge 👊🏻🇺🇸🔥
Ra11
PAX AJAX
0
0
Comments
sign in to comment!
No comments posted yet!